 Dungeon Crawl Stone Soup version 0.31-a0-460-g9e667d4245 (webtiles) character file.

Game seed: 9461446458565985864

558 randomguy2701 the Chopper (level 7, 0/61 HPs)
             Began as a Hill Orc Fighter on Aug 5, 2023.
             Was an Initiate of Beogh.
             Succumbed to a scorpion's poison
             ... on level 5 of the Dungeon.
             The game lasted 00:03:15 (2880 turns).

randomguy2701 the Chopper (Hill Orc Fighter)        Turns: 2880, Time: 00:03:16

Health: 0/61       AC:  7    Str: 19    XL:     7   Next: 31%
Magic:  7/7        EV: 14    Int:  8    God:    Beogh [......]
Gold:   226        SH:  5    Dex: 12    Spells: 6/6 levels left

rFire   . . .        a - +0 war axe
rCold   . . .        c - +0 buckler
rNeg    . . .        b - +0 scale mail
rPois   .            (no helmet)
rElec   .            (no cloak)
rCorr   .            (no gloves)
SInv    .            (no boots)
Will    .....        (no amulet) Stlth
                     g - +5 ring of evasion
HPRegen 0.30/turn    (no ring)
MPRegen 0.10/turn

%: no passive effects
@: mighty, lethally poisoned (0 -> -6), hasted, invisible, very quick
A: no striking features
a: Renounce Religion


You were on level 5 of the Dungeon.
You worshipped Beogh.
Beogh was noncommittal.
You visited 1 branch of the dungeon, and saw 5 of its levels.

You collected 226 gold pieces.

Inventory:

Hand Weapons
 a - a +0 war axe (weapon)
Armour
 b - a +0 scale mail (worn)
 c - a +0 buckler (worn)
Jewellery
 g - a +5 ring of evasion (left hand)
 l - an amulet of guardian spirit
Scrolls
 e - 3 scrolls of identify {unknown}
 k - a scroll of fog {unknown}
 m - a scroll of enchant armour {unknown}
Potions
 f - a potion of curing {unknown}
 h - a potion of ambrosia {unknown}
 i - a potion of haste


   Skills:
 + Level 5.4 Fighting
 + Level 6.7 Axes
 + Level 5.3 Armour
 + Level 1.1 Dodging
 + Level 0.1 Stealth
 + Level 4.1 Shields


You had 6 spell levels left.
You didn't know any spells.
Your spell library was empty.

Dungeon Overview and Level Annotations

Branches:
Dungeon (5/15)
 Temple: D:4-7

Altars:

Shops:
D:4 (


Message History

You fall asleep.
You wake up.
You feel very mighty all of a sudden.
You feel sick.
The adder hisses angrily.
The scorpion closely misses you. The sleepcap releases spores at you.
* * * LOW HITPOINT WARNING * * *
You are engulfed in a cloud of soporific spores!
You are unaffected.
You closely miss the scorpion.
The scorpion is heavily wounded.
You hit the sleepcap.
You feel very sick. The scorpion closely misses you.
You block the sleepcap's attack. The scorpion stings you.
* * * LOW HITPOINT WARNING * * *
You are more poisoned.
The scorpion poisons you!
You slash the scorpion!
You kill the scorpion!
Beogh accepts your kill.
You hit the sleepcap.
* * * LOW HITPOINT WARNING * * *
You feel very sick. The sleepcap barely misses you.
You slash the sleepcap!
The sleepcap is almost destroyed.
* * * LOW HITPOINT WARNING * * *
You feel very sick. The sleepcap releases spores at you.
* * * LOW HITPOINT WARNING * * *
Unknown command.
It was a potion of haste.
You feel yourself speed up.
* * * LOW HITPOINT WARNING * * *
You feel sick. The adder bites you but does no damage.
The sleepcap releases spores at you.
* * * LOW HITPOINT WARNING * * *
It was a potion of invisibility.
You fade into invisibility!
You die...

######.....
#......# #......#
# #..#<#.#.# .
##...........
#.###...#.#.#.#.#
#..!...........
#......#.#.#.#.#
##....@.l.......
#...Sf#.#.#.#.#
#..............
#.....#.#.#.
#.........$.
#.....#.#. .#
#...... .. .
##..... ..


You could see a sleepcap (unable to see you), an iguana (unable to see you) and
an adder (unable to see you).

Vanquished Creatures
  A black bear (D:4)
  3 scorpions (D:5)
  2 howler monkeys (D:5)
  A sleepcap (D:5)
  2 orc wizards
  6 adders
  2 worms (D:2)
  3 dart slugs
  2 orcs (D:4)
  4 ball pythons
  6 endoplasms
  3 giant cockroaches
  7 goblins
  7 hobgoblins
  3 jackals (D:2)
  3 quokkas
  7 bats
  A frilled lizard (D:1)
  10 kobolds
  4 rats
77 creatures vanquished.

Vanquished Creatures (others)
  5 orcs (D:3)
  An endoplasm (D:3)
  A frilled lizard (D:3)
7 creatures vanquished.

Grand Total: 84 creatures vanquished

Notes
Turn   | Place    | Note
-------+----------+-------------------------------------------
     0 | D:1      | randomguy2701 the Hill Orc Fighter began the quest for the
                  | Orb.
     0 | D:1      | Reached XP level 1. HP: 19/19 MP: 1/1
   101 | D:1      | Reached XP level 2. HP: 18/27 MP: 2/2
   358 | D:1      | Reached XP level 3. HP: 33/33 MP: 3/3
   367 | D:1      | Reached skill level 3 in Axes
  1122 | D:2      | Reached XP level 4. HP: 40/41 MP: 4/4
  1567 | D:3      | Became a worshipper of Beogh the Brigand
  1697 | D:3      | Reached skill level 4 in Axes
  1896 | D:3      | Reached XP level 5. HP: 47/47 MP: 5/5
  2324 | D:4      | Found Ezokid's Weapon Shoppe.
  2663 | D:4      | Reached skill level 5 in Fighting
  2668 | D:4      | Noticed a black bear
  2677 | D:4      | Killed a black bear
  2678 | D:4      | Reached skill level 5 in Axes
  2678 | D:4      | Reached XP level 6. HP: 16/56 MP: 6/6
  2835 | D:5      | Entered Level 5 of the Dungeon
  2852 | D:5      | Reached skill level 5 in Armour
  2862 | D:5      | Reached skill level 6 in Axes
  2869 | D:5      | Reached skill level 1 in Dodging
  2869 | D:5      | Reached XP level 7. HP: 40/61 MP: 7/7
  2878 | D:5      | HP: 3/61 [sleepcap (5)]
  2879 | D:5      | HP: 1/61 [sleepcap (2)]
  2880 | D:5      | Succumbed to a scorpion's poison

Illustrated notes

Levels and vault maps discovered:
D:1:      minmay_arrival_stair_chambers, layout_basic,
          chequers_serial_rivers_large_a, skrybe_limestone_x
D:2:      layout_loops_corners
D:3:      layout_rooms
D:4:      layout_basic, serial_shops, nicolae_shop_tiny_glass
D:5:      layout_rooms, fedhas_altar_fruit_tree, tso_oasis_becter, st_stairs_11,
          grunt_ministairs_5, hangedman_decor_peaks_small

Skill      XL: |  1  2  3  4  5  6 |
---------------+-------------------+-----
Fighting       | 4 5 |  5.4
Axes           | 3 4 5 6 |  6.7
Armour         | 4 5 |  5.3
Dodging        | 1 |  1.1
Shields        | 4 |  4.1
Stealth        | |  0.1

Action                     |  1- 3 |  4- 6 |  7- 9 || total
---------------------------+-------+-------+-------++-------
  Melee: War axe           |   116 |   122 |     9 ||   247
 Invoke: Convert to Beogh  |       |     1 |       ||     1
    Use: Potion            |       |       |     3 ||     3
 Armour: Scale mail        |    49 |    34 |     3 ||    86
  Dodge: Dodged            |    61 |   107 |    10 ||   178
  Block: Buckler           |    28 |    29 |     3 ||    60

Table legend: (Time is in decaauts)
 A = Elapsed time spent in this place.
 B = Non-inter-level travel time spent in this place.
 C = Inter-level travel time spent in this place.
 D = Time resting spent in this place.
 E = Time spent auto-exploring this place.
 F = Levels seen in this place.
 G = Mean time per level.
                   A        B        C        D        E       F      G
               +--------+--------+--------+--------+--------+-----+--------+
         Total |   2975 |   2850 |    125 |      0 |   2298 |   5 |  595.0 |
       Dungeon |   2975 |   2850 |    125 |      0 |   2298 |   5 |  595.0 |
               +--------+--------+--------+--------+--------+-----+--------+

Top non-repeatable levels by time:
     D:2: 939 daAuts
     D:4: 856 daAuts
     D:1: 692 daAuts
     D:3: 434 daAuts
     D:5: 52 daAuts
